 Dungeon Crawl Stone Soup version 0.27.1-33-g824d729ab1 (webtiles) character file.

Game seed: 176442404474894594

3691 sking99 the Martial Artist (level 10, 78/78 HPs)
             Began as a Djinni Transmuter on Dec 8, 2021.
             Was a Follower of Ashenzari.
             Quit the game on level 7 of the Dungeon.
             The game lasted 00:16:22 (10393 turns).

sking99 the Martial Artist (Djinni Transmuter)     Turns: 10393, Time: 00:16:23

Health: 78/78      AC:  2    Str: 11    XL:     10   Next: 35%
Gold:   226        EV: 13    Int: 17    God:    Ashenzari [*.....] SH:  0 Dex: 19

rFire    + + .     SeeInvis .     - Unarmed
rCold    x . .     Faith    .   (no shield)
rNeg     . . .     Spirit   .   j - +0 robe "Sibylline Ethics" {Will+, Self, Melee} (curse)
rPois    ∞         Reflect  .   (no helmet)
rElec    .         Harm     .   (no cloak)
rCorr    .         Rampage  .   (no gloves)
Will     ++...                  (boots unavailable)
Stlth    ++........             (no amulet)
HPRegen  0.23/turn              f - ring of Ashenzari's Chagrin {Wiz, Self, Evo} (curse)
MPRegen  0.00/turn              k - +6 ring of dexterity

@: flying
A: sickness immunity, fire resistance 2, cold vulnerability 1, float, innate
caster, hp casting, extra vitality 1
a: Renounce Religion, Shatter the Chains


You were on level 7 of the Dungeon.
You worshipped Ashenzari.
Ashenzari was aware of your devotion.
You visited 2 branches of the dungeon, and saw 8 of its levels.

You collected 270 gold pieces.
You spent 44 gold pieces at shops.

Inventory:

Missiles
 h - 2 throwing nets
Armour
 j - the cursed +0 robe "Sibylline Ethics" (worn) {Will+, Self, Melee}
   (You found it on level 5 of the Dungeon)

   It has a curse which improves the following skills: Introspection: Fighting
   and Spellcasting.
   Melee Combat: Short Blades, Long Blades, Axes, Maces & Flails, Polearms,
   Staves and Unarmed Combat.
Jewellery
 f - the cursed ring of Ashenzari's Chagrin (left hand) {Wiz, Self, Evo}
   (You found it on level 2 of the Dungeon)

   [ring of wizardry]

   It improves your spell success rate.
   It has a curse which improves the following skills: Introspection: Fighting
   and Spellcasting.
   Evocations: Evocations.
 k - a +6 ring of dexterity (right hand)
 l - a ring of wizardry
 q - a +4 ring of evasion
Wands
 a - a wand of flame (9)
 m - a wand of digging (2)
Scrolls
 b - 2 scrolls of enchant armour
 g - a scroll of teleportation
 n - a scroll of fog
 p - a scroll of holy word
 r - a scroll of blinking
Potions
 c - 2 potions of mutation
 d - a potion of might
 e - a potion of brilliance
 i - 4 potions of curing
 o - 2 potions of haste


   Skills:
 - Level 7.6(9.3) Fighting
 + Level 2.5 Dodging
 * Level 11.2(12.1) Unarmed Combat
 - Level 4.0(5.4) Spellcasting


You couldn't memorise any spells.
You knew the following spells:

 Your Spells              Type           Power      Damage    Failure   Level
a - Call Canine Familiar  Summ           23%        N/A       1%          3
b - Wereblood             Tmut           23%        N/A       1%          2
c - Spider Form           Tmut/Pois      11%        N/A       1%          3
d - Ice Form              Ice/Tmut       23%        N/A       6%          4
e - Shock                 Conj/Air       92%        1d8       1%          1
f - Ensorcelled Hibernat  Hex/Ice        46%        N/A       1%          2
g - Beastly Appendage     Tmut           46%        N/A       1%          1
z - Cause Fear            Hex            11%        N/A       6%          4
Your spell library was empty.

Dungeon Overview and Level Annotations

Branches:
Dungeon (7/15)             Temple (1/1) D:5

Altars:
Ashenzari
Cheibriados
Dithmenos
Elyvilon
Fedhas
Gozag
Hepliaklqana
Kikubaaqudgha
Makhleb
Nemelex Xobeh
Okawaru
Qazlal
Ru
Sif Muna
Trog
Uskayaw
Vehumet
Wu Jian
Xom
Yredelemnul
Zin
The Shining One

Shops:
D:1 (   D:4 *

Annotations:
D:6 2 runed translucent doors, Arnot's ghost, novice GrFi


Innate Abilities, Weirdness & Mutations

You are immune to sickness and miasma.
You are immune to poison.
Your flesh is very heat resistant. (rF++)
You are vulnerable to cold. (rC-)
You float through the air rather than walking.
You learn spells naturally, not from books.
Your magical power is your life essence.
You have superior vitality. (+4 HP)


Message History

You closely miss the wyvern. The wyvern barely misses you.
You hit the wyvern but do no damage. The wyvern misses you.
You punch the wyvern!
The wyvern is moderately wounded.
The wyvern bites you!
You closely miss the wyvern.
The wyvern is moderately wounded.
The wyvern bites you.
You closely miss the wyvern.
The wyvern is moderately wounded.
The wyvern bites you!! The wyvern bites you!
You are too injured to fight recklessly!
You are too injured to fight recklessly!
Casting: Ice Form (dangerous; 6% risk of failure)
Confirm with . or Enter, or press ? or * to list all spells.
You turn into a creature of crystalline ice.
The cursed +0 robe "Sibylline Ethics" {Will+, Self, Melee} melds into your body.
You feel less strong-willed.
The wyvern bites you but does no damage.
You hit the wyvern but do no damage.
The wyvern is moderately wounded.
The wyvern bites you.
You completely miss the wyvern.
The wyvern is moderately wounded.
The wyvern bites you!
* * * LOW HITPOINT WARNING * * *
You punch the wyvern! You freeze the wyvern.
The wyvern is severely wounded.
The wyvern barely misses you.
You punch the wyvern! You freeze the wyvern.
You kill the wyvern!
You start resting.
Your transformation is almost over.
You start resting.
You warm up again.
The cursed +0 robe "Sibylline Ethics" {Will+, Self, Melee} unmelds from your body.
You feel strong-willed.
You start resting.
HP restored.
Are you sure you want to abandon this character and quit the game? (Confirm with "yes".)

..###........)....#......# #..#
### ##...........#######.# #.##
#####.......## #.# ##.#
#..(......######.###.^#
###.....##..#..........##
#...............<...).#####
#.#.######..#...##..#......
#######...######....<..##..##....
....<......#....@..#........>....
#####......................##....
####[..............#######.##....
...................# #..#.[..
####...............# #....###
#...............# ####....
#.......?.......# #....
#...............# #....
##.............## #....


There were no monsters in sight!

Vanquished Creatures
  A hydra (D:6)
  Pikel (D:7)
  Sigmund (D:6)
  A wyvern (D:7)
  A steam dragon (D:7)
  3 sky beasts (D:6)
  A black bear (D:5)
  2 ice beasts
  A necrophage (D:4)
  3 ogres
  A lemure (D:7)
  3 bullfrogs
  A wyvern zombie (D:7)
  A scorpion (D:5)
  A water moccasin skeleton (D:5)
  9 wights (D:6)
  2 bullfrog zombies
  3 centaur zombies
  2 hounds (D:5)
  2 iguanas
  5 adders
  7 gnolls
  A shadow imp (D:6)
  A white imp (D:7)
  2 adder skeletons (D:4)
  4 worms
  4 dart slugs
  2 orcs
  7 endoplasms
  5 giant cockroaches
  8 goblins
  7 hobgoblins
  8 jackals
  2 quokkas
  8 ball pythons
  4 bats
  3 frilled lizards
  4 kobolds
  A rat (D:1)
123 creatures vanquished.

Vanquished Creatures (collateral kills)
  An adder (D:4)
  An orc (D:4)
2 creatures vanquished.

Grand Total: 125 creatures vanquished

Notes
Turn   | Place    | Note
-------+----------+-------------------------------------------
     0 | D:1      | sking99 the Djinni Transmuter began the quest for the Orb.
     0 | D:1      | Reached XP level 1. HP: 17/17 MP: 0/0
   338 | D:1      | Found Vadgh's Antique Weapon Boutique.
   465 | D:1      | Reached XP level 2. HP: 20/22 MP: 0/0
  1076 | D:2      | Reached XP level 3. HP: 26/27 MP: 0/0
  1076 | D:2      | Learned a level 1 spell: Shock
  2157 | D:2      | Reached XP level 4. HP: 33/33 MP: 0/0
  2661 | D:2      | Reached skill level 4 in Unarmed Combat
  3867 | D:3      | Reached XP level 5. HP: 38/38 MP: 0/0
  3867 | D:3      | Learned a level 2 spell: Ensorcelled Hibernation
  4276 | D:3      | Found a faded altar of an unknown god.
  4306 | D:4      | Noticed a necrophage
  4427 | D:4      | Killed a necrophage
  4428 | D:4      | Reached XP level 6. HP: 37/45 MP: 0/0
  4720 | D:4      | Reached skill level 5 in Unarmed Combat
  4844 | D:4      | Noticed an ogre
  4849 | D:4      | HP: 2/54 [gnoll (6)]
  5565 | D:4      | Killed an ogre
  5566 | D:4      | Reached XP level 7. HP: 12/50 MP: 0/0
  5566 | D:4      | Learned a level 3 spell: Call Canine Familiar
  6052 | D:4      | Found a hide-covered altar of Uskayaw.
  6112 | D:4      | Found Urick's Assorted Antiques.
  6120 | D:4      | Bought a scroll labelled XEPPIEBUDO for 22 gold pieces
  6120 | D:4      | Bought a scroll labelled KIMIMO RUTYTUMN for 22 gold pieces
  6253 | D:5      | Entered Level 5 of the Dungeon
  6276 | D:5      | Found a staircase to the Ecumenical Temple.
  6292 | Temple   | Entered the Ecumenical Temple
  6680 | Temple   | Became a worshipper of Ashenzari the Shackled
  6712 | D:5      | Reached skill level 6 in Unarmed Combat
  6896 | D:5      | Reached XP level 8. HP: 53/58 MP: 0/0
  7067 | D:5      | Reached skill level 7 in Unarmed Combat
  7656 | D:6      | Noticed Sigmund
  7681 | D:6      | Killed Sigmund
  7687 | D:6      | Noticed a four-headed hydra
  7882 | D:6      | Reached skill level 5 in Fighting
  7886 | D:6      | Reached skill level 8 in Unarmed Combat
  7984 | D:6      | Reached XP level 9. HP: 59/65 MP: 0/0
  7984 | D:6      | Learned a level 4 spell: Cause Fear
  8192 | D:6      | Killed a four-headed hydra
  8193 | D:6      | Reached skill level 9 in Unarmed Combat
  9069 | D:6      | Reached skill level 10 in Unarmed Combat
  9114 | D:6      | Identified the cursed +0 robe "Sibylline Ethics" {Will+,
                  | Self, Melee} (You found it on level 5 of the Dungeon)
  9175 | D:6      | Reached XP level 10. HP: 73/73 MP: 0/0
  9229 | D:6      | Noticed Arnot's ghost (novice GrFi)
  9230 | D:6      | Found a large runed translucent door.
  9230 | D:6      | Found a large runed translucent door.
  9561 | D:7      | Noticed Pikel
  9568 | D:7      | Killed Pikel
  9723 | D:7      | Reached * piety under Ashenzari
  9784 | D:7      | Reached skill level 11 in Unarmed Combat
 10393 | D:7      | Quit the game

Illustrated notes

Levels and vault maps discovered:
D:1:      heliophobic_arrival_ceremonial_halls, layout_basic, serial_shops,
          shop_fountains, ebering_dispersal_statue_hall
D:2:      layout_basic
D:3:      layout_basic, basic_ecumenical_altar
D:4:      layout_cave_pools, nicolae_uskayaw_murder_on_the_dancefloor,
          serial_shops, shop, minmay_box_of_dots
D:5:      layout_rooms, minmay_temple_entry_wispy, palyth_stone_intersect,
          kennysheep_small_spiral
D:6:      layout_loops_ring, ebering_ghost_disaster_area, uniq_sigmund
D:7:      layout_rooms, uniq_pikel
Temple:   roderic_octagonal_lattice_temple

Skill      XL: |  1  2  3  4  5  6  7  8  9 10 |
---------------+-------------------------------+-----
Spellcasting   | 2 3 4 |  4.0
Unarmed Combat | 4 5 6 8 10 11 | 11.2
Fighting       | 2 3 4 5 6 7 |  7.6
Dodging        | |  2.5

Action                   |  1- 3 |  4- 6 |  7- 9 | 10-12 || total
-------------------------+-------+-------+-------+-------++-------
Melee: Unarmed           |   142 |   151 |   142 |    33 ||   468
       Punch             |     6 |     3 |     2 |       ||    11
       Headbutt          |     4 |     2 |       |       ||     6
 Cast: Beastly Appendage |     3 |     3 |       |       ||     6
       Wereblood         |     1 |       |     1 |       ||     2
       Spider Form       |       |     4 |     5 |       ||     9
       Ice Form          |       |     7 |    12 |     4 ||    23
       Call Canine Famil |       |       |     2 |       ||     2
       Shock             |       |       |     1 |       ||     1
Invok: Curse Item        |       |       |     1 |     1 ||     2
  Use: Scroll            |       |     7 |     4 |       ||    11
 Stab: Sleeping          |     2 |     1 |       |     1 ||     4
Armor: Robe              |    33 |    12 |     6 |     1 ||    52
       Skin              |       |    24 |    31 |     4 ||    59
Dodge: Dodged            |    93 |    86 |    95 |    15 ||   289
